AoeStats
← SDK. EL COLOMBIANO

Arabia

509905217Analyzed
1v1 RM · 4d ago on Sep 28, 2026· 44m 36s· 2 players
Game mode
Random Map
Map size
Tiny (2 player)
Population
200
Speed
Normal
Resources
Standard
Victory
Conquest
Starting age
Dark Age
Ending age
Imperial Age
RankedLock teamsTeams togetherTeam positionsShared explorationLock speedFull tech treeHidden civsTurbo modeCheats
Victory
Defeat
🇨🇴 Magyars · Colombia
891
+15
🇹🇼 Japanese · Taiwan
876
-15
roger777
4:10 Loom
9:53 Feudal Age
11:55 Man-at-Arms
16:13 Double-Bit Axe
20:17 Forging
20:07 Scale Mail Armor
26:00 Castle Age
24:45 Fletching
25:50 Horse Collar
26:04 Pikeman
26:30 Gambesons
28:00 Iron Casting
30:56 Bow Saw
30:57 Bodkin Arrow
32:12 Bloodlines
36:10 Wheelbarrow
36:39 Chain Mail Armor
40:30 Imperial Age
38:20 Squires
40:13 Ballistics
41:02 Thumb Ring
40:56 Halberdier
43:03 Chemistry
43:18 Plate Mail Armor
42:42 Elite Skirmisher
SDK. EL COLOMBIANO
12:17 Feudal Age
12:23 Loom
16:09 Castle Age
15:40 Double-Bit Axe
17:23 Wheelbarrow
16:34 Town Watch
25:59 Horse Collar
33:53 Imperial Age
33:52 Ballistics
33:28 Murder Holes
33:44 Masonry
35:00 Conscription
35:29 Scale Barding Armor
35:15 Fletching
35:26 Padded Archer Armor
36:15 Corvinian Army
36:35 Hand Cart
36:21 Town Patrol
37:23 Parthian Tactics
38:45 Chemistry
39:27 Bodkin Arrow
39:54 Chain Barding Armor
40:27 Heavy Plow
41:03 Light Cavalry
41:54 Bloodlines
42:35 Heavy Cavalry Archer
Connection lost

Rejoining the realm…

Still unreachable

The connection could not be restored.

Session expired

The server has moved on; the page needs a fresh start.